 Dungeon Sprint DCSS version 0.22-a0-32-ga749362 (webtiles) character file.

1870 Faca the Severer (level 8, -9/88 (90) HPs)
             Began as a Minotaur Berserker on Jan 3, 2018.
             Was an Elder of Trog.
             Mangled by a crystal guardian (16 damage)
             ... in the Dungeon (Sprint II: "The Violet Keep of Menkaure").
             The game lasted 00:02:38 (547 turns).

Faca the Severer (Minotaur Berserker)                Turns: 547, Time: 00:02:39

HP:   -9/88 (90)    AC:  2    Str: 21    XL:     8   Next: 90%
MP:   7/7           EV: 16    Int:  4    God:    Trog [****..]
Gold: 810           SH:  0    Dex: 11    Spells: 7/7 levels left

rFire    . . .     SeeInvis .   a - +0 hand axe
rCold    . . .     Gourm    .   (no shield)
rNeg     . . .     Faith    .   b - +0 animal skin
rPois    .         Spirit   .   (helmet restricted)
rElec    .         Reflect  .   (no cloak)
rCorr    .         Harm     .   (no gloves)
MR       .....     Rnd*Rage +   (no boots) Stlth +.........NoTele +
                                (no amulet)
HPRegen  0.24/turn              (no ring)
MPRegen  0.10/turn              (no ring)

@: lethally poisoned (-9 -> -64)
A: retaliatory headbutt, hooves 1, horns 2, berserk 1, clumsy 1, no potion heal
1
a: Berserk, Trog's Hand, Brothers in Arms, Burn Spellbooks, Renounce Religion


You were in the Dungeon.
You worshipped Trog.
Trog was greatly pleased with you.
You were not hungry.

You visited 1 branch You collected 810 gold pieces.

Inventory:

Hand Weapons
 a - a +0 hand axe (weapon)
Armour
 b - a +0 animal skin (worn)
Scrolls
 i - a scroll of blinking
Potions
 d - a potion of curing
 e - a potion of heal wounds
 f - a potion of haste
 g - 2 potions of magic
 h - a potion of berserk rage
Comestibles
 c - a ration


   Skills:
 + Level 14.3 Fighting
 + Level 15.1 Axes
 + Level 7.3 Armour
 + Level 8.2 Dodging


You had 7 spell levels left.
You didn't know any spells.

Dungeon Overview and Level Annotations

Branches:
Dungeon (1/1)

Altars:
Cheibriados
Dithmenos
Elyvilon
Fedhas
Gozag
Hepliaklqana
Kikubaaqudgha
Makhleb
Nemelex Xobeh
Okawaru
Qazlal
Ru
Sif Muna
Trog
Uskayaw
Vehumet
Wu Jian
Xom
Yredelemnul
Zin
The Shining One
Beogh
Jiyva
Lugonu


Innate Abilities, Weirdness & Mutations

You reflexively headbutt those who attack you in melee.
You have a pair of horns on your head.
You have large cloven feet.
You tend to lose your temper in combat.
You are clumsy. (Dex -2)
Potions are less effective at restoring your health.


Message History

The swamp drake is engulfed in dark miasma.
The swamp drake is poisoned.
The crystal guardian hits you.
* * * LOW HITPOINT WARNING * * *
You bump into the stone wall.
You are engulfed in dark miasma.
You are lethally poisoned!
* * * LOW HITPOINT WARNING * * *
You feel less confused.
* * * LOW HITPOINT WARNING * * *
You feel very sick.
The crystal guardian completely misses you.
You furiously retaliate!
You headbutt the crystal guardian, but do no damage.
You are engulfed in dark miasma.
You are more poisoned.
You feel your flesh rotting away!
* * * LOW HITPOINT WARNING * * *
x2 You feel very sick.
The death drake bites you!
* * * LOW HITPOINT WARNING * * *
The death drake barely misses you. The crystal guardian hits you!
You die... §z≈§≈ zzz ... zzz

... ++#+++## ... ## .......#
.. .# ##+##.. #. k#
#.#.##.#### +.##k .##..#....#
#.§k# ##..####..## #8@#
.#▓$(!)$!([ ##†###.##..# +k§#
.#▓)()($!$( ##.###..#..# #§§#
.#▓%"??$$!!
'.<.'##.§..####§§##.#▓$$$[?$$!
##.##.#.#.§§.###...##▓▓▓▓▓▓▓+▓
##+###.##.§....≈≈≈≈≈≈≈≈≈≈≈≈≈..
###≈≈.§...≈#)########+###
#≈≈≈≈≈≈≈..≈#÷.._._._#t§§##
#≈≈≈§≈≈§≈.≈#_._._._.#t≈≈§##


You could see 2 death drakes, a crystal guardian and 2 swamp drakes.

Vanquished Creatures
  A yaktaur (D)
  3 polar bears (D)
  A hornet (D)
  2 hippogriffs (D)
  4 neqoxecs (D)
  3 worms (D)
14 creatures vanquished.

Vanquished Creatures (others)
  A crocodile (D)
1 creature vanquished.

Grand Total: 15 creatures vanquished

Notes
Turn   | Place    | Note
-------+----------+-------------------------------------------
     0 | D        | Faca the Minotaur Berserker began the quest for the Orb.
     0 | D        | Reached XP level 1. HP: 19/19 MP: 0/0
     1 | D        | Noticed a hippogriff
     1 | D        | Noticed a hippogriff
     5 | D        | Killed a hippogriff
     5 | D        | Reached skill level 9 in Axes
     5 | D        | Reached XP level 2. HP: 36/36 MP: 1/1
     5 | D        | Reached XP level 3. HP: 41/41 MP: 2/2
     5 | D        | Reached XP level 4. HP: 49/49 MP: 3/3
     5 | D        | Reached XP level 5. HP: 56/56 MP: 4/4
     8 | D        | Killed a hippogriff
     8 | D        | Reached skill level 10 in Fighting
     8 | D        | Reached skill level 10 in Axes
     8 | D        | Reached skill level 5 in Armour
     8 | D        | Reached skill level 5 in Dodging
     8 | D        | Reached XP level 6. HP: 67/67 MP: 5/5
   102 | D        | Reached ** piety under Trog
   194 | D        | Noticed a flying skull
   194 | D        | Noticed a flying skull
   194 | D        | Noticed a flying skull
   194 | D        | Noticed a flying skull
   194 | D        | Noticed a flying skull
   195 | D        | Noticed a flying skull
   195 | D        | Noticed a flying skull
   196 | D        | Noticed a flying skull
   197 | D        | Noticed a flying skull
   198 | D        | Noticed a flying skull
   199 | D        | Noticed a flying skull
   200 | D        | Noticed a flying skull
   218 | D        | Noticed a neqoxec
   219 | D        | Noticed a neqoxec
   221 | D        | Gained mutation: You are clumsy. (Dex -2) [a neqoxec]
   223 | D        | Gained mutation: You tend to lose your temper in combat. [a neqoxec]
   226 | D        | Killed a neqoxec
   226 | D        | Reached skill level 11 in Axes
   228 | D        | Killed a neqoxec
   228 | D        | Reached *** piety under Trog
   228 | D        | Reached skill level 12 in Axes
   228 | D        | Reached XP level 7. HP: 75/75 MP: 6/6
   231 | D        | Noticed a neqoxec
   231 | D        | Noticed a neqoxec
   234 | D        | Gained mutation: You have large cloven feet. [a neqoxec]
   235 | D        | Killed a neqoxec
   237 | D        | Gained mutation: Potions are less effective at restoring your health. [a neqoxec]
   240 | D        | Killed a neqoxec
   240 | D        | Reached skill level 13 in Axes
   412 | D        | Found a glowing golden altar of the Shining One.
   412 | D        | Found an ornate altar of the Wu Jian Council.
   414 | D        | Found a shimmering altar of Xom.
   414 | D        | Found a sacrificial altar of Ru.
   414 | D        | Found a stormy altar of Qazlal.
   415 | D        | Found a basalt altar of Yredelemnul.
   415 | D        | Found a deep blue altar of Sif Muna.
   416 | D        | Found a glowing silver altar of Zin.
   416 | D        | Found a bloodstained altar of Trog.
   416 | D        | Found an ancient bone altar of Kikubaaqudgha.
   416 | D        | Found a viscous altar of Jiyva.
   417 | D        | Found a hide-covered altar of Uskayaw.
   417 | D        | Found a corrupted altar of Lugonu.
   417 | D        | Found a shadowy altar of Dithmenos.
   418 | D        | Found a radiant altar of Vehumet.
   418 | D        | Found a burning altar of Makhleb.
   418 | D        | Found a white marble altar of Elyvilon.
   419 | D        | Found a sparkling altar of Nemelex Xobeh.
   419 | D        | Found a blossoming altar of Fedhas.
   421 | D        | Found an iron altar of Okawaru.
   421 | D        | Found an opulent altar of Gozag.
   421 | D        | Found a hazy altar of Hepliaklqana.
   421 | D        | Found a snail-covered altar of Cheibriados.
   421 | D        | Noticed a hornet
   421 | D        | Noticed a polar bear
   422 | D        | Noticed a polar bear
   422 | D        | Found a roughly hewn altar of Beogh.
   422 | D        | Noticed a yaktaur
   423 | D        | Noticed a polar bear
   430 | D        | Noticed a flying skull
   430 | D        | Noticed a flying skull
   458 | D        | Killed a polar bear
   458 | D        | Reached **** piety under Trog
   458 | D        | Reached XP level 8. HP: 86/86 MP: 7/7
   463 | D        | Killed a polar bear
   468 | D        | Killed a polar bear
   468 | D        | Reached skill level 14 in Axes
   471 | D        | Killed a hornet
   473 | D        | Killed a yaktaur
   473 | D        | Reached skill level 15 in Axes
   538 | D        | Noticed a death drake
   539 | D        | Noticed a crystal guardian
   540 | D        | Noticed a death drake
   547 | D        | Mangled by a crystal guardian

Vault maps used:
D:        the_violet_keep_of_menkaure

Skill      XL: |  1  2  3  4  5  6  7  8 |
---------------+-------------------------+-----
Fighting       | 8 10 11 13 14 | 14.3
Axes           | 9 10 12 13 15 | 15.1
Armour         | 4 5 6 7 |  7.3
Dodging        | 4 5 6 7 8 |  8.2

Action                   |  1- 3 |  4- 6 |  7- 9 || total
-------------------------+-------+-------+-------++-------
Melee: Hand axe          |     2 |    24 |    33 ||    59
       Headbutt          |     2 |     8 |    11 ||    21
       Kick              |       |       |    12 ||    12
Invok: Berserk           |     1 |     1 |     1 ||     3
  Eat: Chunk             |       |       |     2 ||     2
Armor: Animal skin       |       |       |     3 ||     3
Dodge: Dodged            |       |     4 |    17 ||    21

Table legend:
 A = Spawn XP
 B = Non-spawn XP
 C = Spawn XP percentage of total XP
 D = Spawn monster count
 E = Non-spawn monster count
 F = Spawn count percentage of total count
 G = Total turns spent on level
                    A         B        C        D         E        F      G
               +---------+---------+-------+---------+---------+-------+---------
         Total |       0 |    2672 |   0.0 |       0 |      14 |   0.0 |   547
               +---------+---------+-------+---------+---------+-------+---------
             D |       0 |    2672 |   0.0 |       0 |      14 |   0.0 |   547
               +---------+---------+-------+---------+---------+-------+---------
